 Dungeon Crawl Stone Soup version 0.29-a0-330-g52719c12eb (webtiles) character file.

Game seed: 12403522074955417937

1159 HoaS the Archer (level 8, -8/44 HPs)
             Began as a Gargoyle Hunter on May 22, 2022.
             Killed from afar by an orc wizard (34 damage)
             ... with a bolt of acid
             ... on level 6 of the Dungeon.
             The game lasted 00:09:22 (3275 turns).

HoaS the Archer (Gargoyle Hunter)                   Turns: 3275, Time: 00:09:23

Health: -8/44      AC: 11    Str: 15    XL:     8   Next: 39%
Magic:  8/8        EV: 11    Int: 10    God:
Gold:   429        SH:  0    Dex: 15    Spells: 7/7 levels left

rFire   . . .      SeeInvis .   a - +1 shortbow (freeze)
rCold   . . .      Faith    .   (shield currently unavailable)
rNeg    + . .      Spirit   .   h - +3 leather armour
rPois   ∞          Reflect  .   g - +1 helmet
rElec   +          Harm     .   (no cloak)
rCorr   .          Rampage  .   (no gloves)
Will    .....                   l - +1 pair of boots
Stlth   ++........              d - amulet of regeneration
HPRegen 0.94/turn               (no ring)
MPRegen 0.11/turn               (no ring)

@: corroded
A: sickness immunity, AC +5, negative energy resistance 1, electricity
resistance, torment resistance 1, petrification resistance
a: no special abilities


You were on level 6 of the Dungeon.
You visited 1 branch of the dungeon, and saw 6 of its levels.

You collected 429 gold pieces.

Inventory:

Hand Weapons
 a - a +1 shortbow of freezing (weapon)
Armour
 g - a +1 helmet (worn)
 h - a +3 leather armour (worn)
 l - a +1 pair of boots (worn)
Jewellery
 d - an amulet of regeneration (around neck)
Scrolls
 c - 3 scrolls of immolation
 k - 5 scrolls of teleportation
 m - a scroll of summoning
Potions
 b - a potion of cancellation
 e - a potion of flight
 f - 2 potions of lignification
 i - 2 potions of resistance
 j - a potion of curing
 n - a potion of invisibility {unknown}
 o - a potion of haste {unknown}
 p - 3 potions of heal wounds {unknown}


   Skills:
 - Level 2.1 Fighting
 + Level 10.5 Bows
 - Level 1.5 Dodging
 - Level 1.1 Stealth


You had 7 spell levels left.
You didn't know any spells.
Your spell library contained the following spells:

 Spells                   Type           Power      Damage    Failure   Level
 Call Canine Familiar     Summ           0%         N/A       80%         3
 Portal Projectile        Hex/Tloc       0%         N/A       80%         3
 Leda's Liquefaction      Hex/Erth       0%         N/A       99%         4


Dungeon Overview and Level Annotations

Branches:
Dungeon (6/15)
 Temple: D:4-7

Altars:

Annotations:
D:5 2 transporters, dohliylev's ghost, amateur TrWr


Innate Abilities, Weirdness & Mutations

You are immune to sickness and miasma.
Your stone body is resilient. (AC +5)
You are immune to poison.
You resist negative energy. (rN+)
You are resistant to electric shocks. (rElec)
You are resistant to unholy torment.
You are immune to petrification.


Message History

No target in view!
No target in view!
You shoot an arrow. The arrow hits the orc.
The arrow freezes the orc.
The orc is severely wounded.
You shoot an arrow.
The arrow hits the orc but does no damage.
The orc is severely wounded.
You shoot an arrow. The arrow hits the orc.
The arrow freezes the orc.
You kill the orc!
No target in view!
No target in view!
Things that are here:
a +0 flail; a +0 leather armour
Found a stone staircase leading up.
Things that are here:
a +0 club; a +0 short sword; an orc corpse
Things that are here:
a +0 hand axe; an orc corpse An orc and an orc wizard come into view.
The orc wizard is wielding a +0 dagger and carrying a wand of acid (5).
The orc shouts!
You hear a shout! x2
You shoot an arrow. The orc wizard shouts!
The arrow hits the orc!
The arrow freezes the orc.
You kill the orc!
An orc priest comes into view. It is wielding a +0 flail.
The orc wizard zaps a wand.
The bolt of acid hits you! The acid corrodes you!
You shoot an arrow. The arrow hits the orc wizard!
The arrow freezes the orc wizard.
The orc wizard is severely wounded.
The orc priest mumbles some strange prayers to Beogh against you.
Beogh smites you!
You hear a shout!
You shoot an arrow.
The arrow hits the orc wizard but does no damage.
The orc wizard is severely wounded.
A sky beast comes into view.
The orc wizard zaps a wand.
The bolt of acid hits you!!
Ouch! That really hurt!
You die...

#...##. ## #..#..#. #.
#.##.... #o #.....## #o
.###...### #. #.#
##....# #
#)#######.####.##.#
..##Y#.#............##.#
.......@..).##.# #..##.#
...###...##)##.# #..##.#
#...#..)#.###..##..
#....###..........#
#..<## ##.###..##..
#...# #.......#.. #.#.#
#.##.#..#.# ...#..
#...........
.#.#.#...#....#.#...


You could see a sky beast, an orc priest and an orc wizard.

Vanquished Creatures
  A water moccasin (D:5)
  A black bear (D:5)
  2 ogres (D:5)
  2 bullfrogs (D:6)
  3 necrophages
  A howler monkey (D:4)
  A hound (D:4)
  An orc priest (D:2)
  4 iguanas
  3 orc wizards
  A gnoll (D:1)
  8 adders
  An ufetubus (D:4)
  4 worms
  4 dart slugs
  14 orcs
  5 endoplasms
  A giant cockroach (D:3)
  8 goblins
  9 hobgoblins
  6 jackals
  5 quokkas
  8 ball pythons
  7 bats
  12 kobolds
  2 rats
114 creatures vanquished.

Vanquished Creatures (others)
  6 plants (D:1)
6 creatures vanquished.

Grand Total: 120 creatures vanquished

Notes
Turn   | Place    | Note
-------+----------+-------------------------------------------
     0 | D:1      | HoaS the Gargoyle Hunter began the quest for the Orb.
     0 | D:1      | Reached XP level 1. HP: 12/12 MP: 1/1
    36 | D:1      | Reached XP level 2. HP: 14/17 MP: 2/2
   162 | D:1      | Reached XP level 3. HP: 21/21 MP: 3/3
   287 | D:1      | Reached skill level 5 in Bows
   433 | D:1      | Found a faded altar of an unknown god.
   648 | D:2      | You fall into a shaft and drop 2 floors!
   650 | D:4      | Reached XP level 4. HP: 26/26 MP: 4/4
   799 | D:2      | Reached skill level 6 in Bows
  1098 | D:2      | Reached XP level 5. HP: 30/30 MP: 5/5
  2043 | D:4      | Reached skill level 7 in Bows
  2043 | D:4      | Reached XP level 6. HP: 35/35 MP: 6/6
  2487 | D:5      | Entered Level 5 of the Dungeon
  2487 | D:5      | Noticed a black bear
  2535 | D:5      | Found a transporter.
  2537 | D:5      | Noticed dohliylev's ghost (amateur TrWr)
  2541 | D:5      | Found a transporter.
  2543 | D:5      | Noticed a hornet
  2631 | D:5      | Reached skill level 8 in Bows
  2631 | D:5      | Reached XP level 7. HP: 15/40 MP: 7/7
  2724 | D:5      | Reached skill level 9 in Bows
  2815 | D:5      | Reached XP level 8. HP: 35/44 MP: 8/8
  3096 | D:6      | Reached skill level 10 in Bows
  3275 | D:6      | Killed from afar by an orc wizard

Illustrated notes

Levels and vault maps discovered:
D:1:      dpeg_arrival_simpleton_b, layout_basic,
          chequers_ecumenical_altar_simple_redux,
          chequers_serial_rivers_small_3, nicolae_grassy_gnolls
D:2:      layout_rooms
D:3:      layout_basic, grunt_ministairs_7
D:4:      layout_rooms
D:5:      layout_cave_pools, gammafunk_ghost_hive, minmay_liquid_box
D:6:      hellmonk_destroyed_diamonds, layout_loops_ring

Skill      XL: |  1  2  3  4  5  6  7  8 |
---------------+-------------------------+-----
Bows           | 5 6 7 8 9 10 | 10.5
Fighting       | |  2.1
Dodging        | |  1.5
Stealth        | |  1.1

Action                   |  1- 3 |  4- 6 |  7- 9 || total
-------------------------+-------+-------+-------++-------
 Fire: Shortbow          |    93 |   156 |   116 ||   365
  Use: Scroll            |     3 |    11 |     2 ||    16
       Potion            |       |       |     1 ||     1
Armor: Leather armour    |     3 |    33 |    57 ||    93
       Ring mail         |    15 |       |       ||    15
       Skin              |     2 |       |       ||     2
Dodge: Dodged            |    26 |    27 |    44 ||    97

Table legend: (Time is in decaauts)
 A = Elapsed time spent in this place.
 B = Non-inter-level travel time spent in this place.
 C = Inter-level travel time spent in this place.
 D = Time resting spent in this place.
 E = Time spent auto-exploring this place.
 F = Levels seen in this place.
 G = Mean time per level.
                   A        B        C        D        E       F      G
               +--------+--------+--------+--------+--------+-----+--------+
         Total |   3350 |   3185 |    165 |     88 |   2298 |   6 |  558.3 |
       Dungeon |   3350 |   3185 |    165 |     88 |   2298 |   6 |  558.3 |
               +--------+--------+--------+--------+--------+-----+--------+

Top non-repeatable levels by time:
     D:3: 721 daAuts
     D:4: 627 daAuts
     D:1: 617 daAuts
     D:2: 609 daAuts
     D:5: 550 daAuts
     D:6: 223 daAuts
